 Dungeon Crawl Stone Soup version 0.24-b1 (webtiles) character file.

Game seed: 14007878897784330927, levelgen mode: deterministic

4263 Arixos the Sneak (level 10, -7/45 HPs)
             Began as a Vine Stalker Skald on Oct 13, 2019.
             Was a Priest of Ru.
             Mangled by a yak (8 damage)
             ... on level 9 of the Dungeon.
             The game lasted 00:43:41 (6943 turns).

Arixos the Sneak (Vine Stalker Skald)               Turns: 6943, Time: 00:43:41

Health: -7/45      AC:  8    Str: 14    XL:     10   Next: 31%
Magic:  0/18       EV: 15    Int: 13    God:    Ru [***...]
Gold:   524        SH:  0    Dex: 22    Spells: 12/19 levels left

rFire    + . .     SeeInvis .   B - +3 great sword (freeze)
rCold    . . .     Gourm    .   (shield currently unavailable)
rNeg     . . .     Faith    .   b - +0 leather armour
rPois    .         Spirit   +   f - +1 hat
rElec    .         Reflect  .   (no cloak)
rCorr    .         Harm     .   w - +2 pair of gloves
MR       +....                  y - +0 pair of boots
Stlth    +++.......             (no amulet)
HPRegen  0.55/turn              u - ring of protection from fire
MPRegen  0.16/turn              c - +5 ring of dexterity

@: about to teleport, singing
A: fangs 3, frail 1, regeneration 1, magic shield, antimagic bite, no potion
heal 3, rot immunity, hated by all
a: Draw Out Power, Renounce Religion


You were on level 9 of the Dungeon.
You worshipped Ru.
Ru was most pleased with you.
You were not hungry.

You visited 2 branches of the dungeon, and saw 10 of its levels.

You collected 524 gold pieces.

Inventory:

Hand Weapons
 B - a +3 great sword of freezing (weapon)
Armour
 b - a +0 leather armour (worn)
 f - a +1 hat (worn)
 w - a +2 pair of gloves (worn)
 y - a +0 pair of boots (worn)
Jewellery
 c - a +5 ring of dexterity (right hand)
 o - an uncursed ring of wizardry
 u - a ring of protection from fire (left hand)
Wands
 t - a wand of disintegration (20)
Scrolls
 a - a scroll of immolation {unknown}
 e - 5 scrolls of remove curse
 k - 3 scrolls of teleportation
 m - 8 scrolls of identify
 n - a scroll of amnesia
Potions
 h - a potion of resistance {unknown}
 i - 2 potions of flight {unknown}
 j - 4 potions of heal wounds {unknown}
 l - 3 potions of haste {unknown}
 p - a potion of lignification {unknown}
 q - 5 potions of degeneration {unknown}
 r - 2 potions of agility {unknown}
 s - 6 potions of curing {unknown}
 v - a potion of might {unknown}
 x - a potion of mutation {unknown}
 z - a potion of cancellation {unknown}
 A - a potion of berserk rage {unknown}
Comestibles
 d - 15 rations
 g - 5 chunks of flesh


   Skills:
 + Level 4.9 Fighting
 + Level 4.7 Long Blades
 + Level 4.0 Armour
 + Level 4.3 Dodging
 + Level 6.1 Stealth
 + Level 5.3 Spellcasting
 + Level 5.8 Charms
 + Level 4.4 Necromancy
 + Level 4.6 Translocations


You had 12 spell levels left.
You knew the following spells:

 Your Spells              Type           Power        Failure   Level  Hunger
a - Song of Slaying       Chrm           ###.....     3%          2    ##.....
r - Regeneration          Chrm/Necr      ###.......   9%          3    ###....
s - Shroud of Golubria    Chrm/Tloc      ###...       4%          2    ##.....

Your spell library contained the following spells:

 Spells                   Type           Power        Failure   Level  Hunger
 Infusion                 Chrm           ###.         1%          1    None
 Spectral Weapon          Hex/Chrm       ##......     21%         3    ###....


Dungeon Overview and Level Annotations

Branches:
Dungeon (9/15)             Temple (1/1) D:4
   Lair: D:8-11         Orc: D:9-12

Altars:
Ashenzari
Cheibriados
Dithmenos
Elyvilon
Fedhas
Gozag
Hepliaklqana
Kikubaaqudgha
Makhleb
Nemelex Xobeh
Okawaru
Qazlal
Ru
Sif Muna
Trog
Uskayaw
Vehumet
Wu Jian
Xom
Yredelemnul
Zin
The Shining One

Annotations:
D:6 exclusion: orc priest


Innate Abilities, Weirdness & Mutations

You have razor-sharp teeth.
You are frail. (-10% HP)
Your natural rate of healing is unusually fast.
When hurt, damage is shared between your health and your magic reserves.
Your bite disrupts and absorbs the magic of your enemies.
Potions cannot restore your health.
You are immune to rotting.
You are hated by all.


Message History

The yak is stunned by your will and fails to attack.
Casting: Shroud of Golubria (safe; 4% risk of failure)
Confirm with . or Enter, or press ? or * to list all spells.
Space distorts slightly along a thin shroud covering your body.
The yak misses you. The yak closely misses you. The yak gores you!
* * * LOW HITPOINT WARNING * * *
Your shroud falls apart!
You focus your will and illuminate the yak in retribution!
The yak misses you. The yak gores you.
* * * LOW HITPOINT WARNING * * *
The yak gores you!
* * * LOW HITPOINT WARNING * * *
As you read the scroll of teleportation, it crumbles to dust.
You feel strangely unstable. The yak gores you.
* * * LOW HITPOINT WARNING * * *
The yak gores you.
* * * LOW HITPOINT WARNING * * *
The yak gores you!
You die...

#.......#.#.#.#.
##.........(.....#
#........#.#.#.#..
#.................
#......†.#.#.#.#.
#....#†...........
#... #....Y..#.#..
#.. #...YYY.#...#
+. +†..Y@..>#..# #
#..........#
#........###
#........#
#.......(#
#........#
###.#....##
#.###...#
#######.###...#
####


You could see 5 yaks.

Vanquished Creatures
  A hippogriff (D:8)
  A yak (D:9)
  A hungry ghost (D:8)
  4 ice beasts
  A black bear (D:6)
  4 orc warriors
  2 phantoms
  3 sky beasts
  A necrophage (D:6)
  3 ogres
  4 centaurs
  A big kobold (D:7)
  2 bullfrogs
  4 scorpions
  5 wights (D:8)
  A howler monkey (D:5)
  A bullfrog zombie (D:6)
  6 crimson imps
  A quasit (D:7)
  3 hounds
  3 orc priests (D:5)
  4 jellies
  A bullfrog skeleton (D:6)
  2 iguanas
  8 orc wizards
  6 worker ants
  4 gnolls (D:3)
  4 adders
  3 shadow imps
  5 worms
  6 dart slugs
  3 leopard geckos
  22 orcs
  6 bats
  5 giant cockroaches
  7 goblins
  7 hobgoblins
  10 jackals
  13 kobolds
  2 quokkas
  A ball python (D:5)
  6 frilled lizards
  A jackal skeleton (D:5)
  A leopard gecko skeleton (D:4)
  3 leopard gecko zombies
  A quokka skeleton (D:4)
  10 rats
193 creatures vanquished.

Notes
Turn   | Place    | Note
-------+----------+-------------------------------------------
     0 | D:1      | Arixos the Vine Stalker Skald began the quest for the Orb.
     0 | D:1      | Reached XP level 1. HP: 11/11 MP: 4/4
   235 | D:1      | Reached XP level 2. HP: 12/15 MP: 6/6
   239 | D:1      | Learned a level 2 spell: Shroud of Golubria
   455 | D:1      | Reached skill level 1 in Armour
   669 | D:1      | Reached skill level 1 in Stealth
   669 | D:1      | Reached XP level 3. HP: 18/18 MP: 7/7
   674 | D:1      | Learned a level 3 spell: Regeneration
  1035 | D:2      | Found a shattered altar of Ashenzari.
  1241 | D:2      | Found an ancient bone altar of Kikubaaqudgha.
  1461 | D:3      | Gained mutation: Your natural rate of healing is unusually
                  | fast. [Vine Stalker growth]
  1461 | D:3      | Reached XP level 4. HP: 22/23 MP: 8/8
  1465 | D:3      | Learned a level 2 spell: Song of Slaying
  1645 | D:3      | Found a basalt altar of Yredelemnul.
  1751 | D:3      | Reached skill level 1 in Translocations
  1774 | D:3      | Reached XP level 5. HP: 9/26 MP: 4/10
  2173 | D:4      | Noticed a phantom
  2234 | D:3      | Killed a phantom
  2234 | D:3      | Reached skill level 2 in Stealth
  2234 | D:3      | Reached skill level 1 in Necromancy
  2315 | D:4      | Reached XP level 6. HP: 25/32 MP: 6/11
  2485 | D:4      | Found a staircase to the Ecumenical Temple.
  2496 | Temple   | Entered the Ecumenical Temple
  2587 | Temple   | Became a worshipper of Ru the Awakened
  2826 | D:4      | Found an iron altar of Okawaru.
  2827 | D:4      | Found a bloodstained altar of Trog.
  2827 | D:4      | Found a blossoming altar of Fedhas.
  2829 | D:4      | Found a burning altar of Makhleb.
  2829 | D:4      | Found a snail-covered altar of Cheibriados.
  2896 | D:4      | Found an opulent altar of Gozag.
  2904 | D:4      | Found a white marble altar of Elyvilon.
  3126 | D:5      | Entered Level 5 of the Dungeon
  3214 | D:5      | Reached XP level 7. HP: 35/35 MP: 12/12
  3381 | D:5      | Reached skill level 3 in Stealth
  3624 | D:5      | Gained mutation: You have razor-sharp teeth. [Vine Stalker
                  | growth]
  3624 | D:5      | Reached XP level 8. HP: 40/40 MP: 14/14
  4093 | D:6      | Reached skill level 4 in Stealth
  4154 | D:6      | Gained mutation: You are hated by all. [Ru sacrifice]
  4154 | D:6      | Reached * piety under Ru
  4495 | D:6      | Reached XP level 9. HP: 40/45 MP: 14/16
  5291 | D:7      | Found a hazy altar of Hepliaklqana.
  5334 | D:7      | Reached skill level 5 in Charms
  5425 | D:7      | Reached skill level 5 in Stealth
  5983 | D:8      | Reached skill level 5 in Spellcasting
  6143 | D:8      | Reached XP level 10. HP: 51/51 MP: 18/18
  6286 | D:8      | Gained mutation: You are frail. (-10% HP) [Ru sacrifice]
  6286 | D:8      | Reached ** piety under Ru
  6286 | D:8      | Reached *** piety under Ru
  6431 | D:8      | Found a glowing silver altar of Zin.
  6662 | D:9      | Noticed a fire dragon
  6709 | D:9      | Noticed a cyclops
  6841 | D:9      | Reached skill level 6 in Stealth
  6943 | D:9      | HP: 2/45 [yak (2)]
  6943 | D:9      | Mangled by a yak

Skill      XL: |  1  2  3  4  5  6  7  8  9 10 |
---------------+-------------------------------+-----
Long Blades    | 2 3 4 |  4.7
Armour         | 1 2 3 4 |  4.0
Fighting       | 2 3 4 |  4.9
Stealth        | 1 2 3 4 5 6 |  6.1
Dodging        | 2 3 4 |  4.3
Translocations | 1 2 3 4 |  4.6
Necromancy     | 1 2 3 4 |  4.4
Spellcasting   | 3 4 5 |  5.3
Charms         | 4 5 |  5.8

Action                   |  1- 3 |  4- 6 |  7- 9 | 10-12 || total
-------------------------+-------+-------+-------+-------++-------
Melee: Falchion          |   107 |   128 |   129 |       ||   364
       Bite              |    33 |    62 |   130 |    24 ||   249
       Long sword        |       |    25 |    22 |       ||    47
       Great sword       |       |       |   145 |    62 ||   207
 Cast: Shroud of Golubri |     7 |    24 |    50 |    13 ||    94
       Song of Slaying   |       |     5 |     8 |     3 ||    16
       Regeneration      |       |     6 |    13 |     2 ||    21
Invok: Sacrifice Love    |       |       |     1 |       ||     1
       Sacrifice Health  |       |       |       |     1 ||     1
  Use: Scroll            |     1 |       |     5 |     2 ||     8
 Stab: Sleeping          |     1 |     1 |     3 |     3 ||     8
       Distracted        |       |       |     3 |       ||     3
  Eat: Chunk             |     3 |     8 |    16 |     4 ||    31
Armor: Leather armour    |    28 |    30 |    85 |    24 ||   167
Dodge: Dodged            |    92 |   105 |   215 |    66 ||   478
       Rpst.: Falchion   |    31 |    22 |    30 |       ||    83
       Long sword        |       |     6 |     2 |       ||     8
       Great sword       |       |       |    31 |    14 ||    45
